Calgary Hitman vs Worcester Sharks

Created - 13 avril 2024 at 07:45

Goals
1 2 3 T
Calgary Hitman 1 1 1 3
Worcester Sharks 1 2 2 5
Shots
1 2 3 T
Calgary Hitman 16 12 7 35
Worcester Sharks 10 13 17 40

GoalsPenalties
1st period
1. Worcester Sharks , Matej Blumel 65 (Jeremy Davies 20, Vincent Sevigny 27) at 2:48
2. Calgary Hitman , Juraj Slafkovsky 89 (Rasmus Kupari 118, Jeremie Poirier 31) at 11:33
Ben Meyers (HIT) for Hooking (Minor) at 3:33
Garrett Pilon (SRK) for Fighting (Major) at 12:59
Sean Day (HIT) for Fighting (Major) at 12:59
2nd period
3. Worcester Sharks , Lauri Pajuniemi 41 (Andreas Englund 47, Brendan Gaunce 52) at 3:15
4. Worcester Sharks , Carsen Twarynski 49 (Noel Hoefenmayer 2, Christian Wolanin 61) at 12:43
5. Calgary Hitman , Olle Lycksell 85 (Brandon Duhaime 68, Thomas Bordeleau 55) at 16:21
Lukas Cormier (SRK) for Tripping (Minor) at 4:54
Juraj Slafkovsky (HIT) for Roughing (Minor) at 13:05
Jeremie Poirier (HIT) for Tripping (Minor) at 17:11
3rd period
6. Worcester Sharks , Garrett Pilon 60 (Christian Wolanin 62, Carson Meyer 45) at 0:39
7. Calgary Hitman , Juraj Slafkovsky 90 (Rasmus Kupari 119) at 13:43
8. Worcester Sharks , Lauri Pajuniemi 42 (Brendan Gaunce 53, Christian Wolanin 63) at 14:53
Andreas Englund (SRK) for Fighting (Major) at 5:21
Sean Day (HIT) for Fighting (Major) at 5:21
Andreas Englund (SRK) for instigated a fight (Minor) at 5:21
Andreas Englund (SRK) for instigated a fight (10 Minutes Misconduct) at 5:21
Goalie Stats
Dustin Tokarski (HIT), 35 saves from 40 shots - (0,875), L, 25-13-2, 60:00 minutes
Dylan Wells (SRK), 32 saves from 35 shots - (0,914), W, 6-7-2, 60:00 minutes
3 StarsOfficial
1 - Lauri Pajuniemi (SRK)
2 - Christian Wolanin (SRK)
3 - Juraj Slafkovsky (HIT)
Referees : Francois St-Laurent and Tom Chmielewski
Linesman : Libor Suchanek and Kyle Allen
Game Note
Garrett Pilon beats up Sean Day at 12:59 of 1st period
Sean Day beats up Andreas Englund at 5:21 of 3rd period
Finance
Level 1 -- Attendance: 1630 (81,50%) -- Ticket Income $57,050
Level 2 -- Attendance: 986 (98,60%) -- Ticket Income $14,790
Total Attendance: 2616 (87,20%)
Total Ticket Income: $71,840
Other Income: $35,202
Total Income: $107,042



Team Name Goals Shots Shots Attemp Shots Blocked PIM HIT PP PK FO%
Calgary Hitman 335631416260 / 2 (0%)056%
Worcester Sharks 540711324220 / 3 (0%)044%

Calgary Hitman
Player Name POS G A P +/- PIM HIT SHT SB MP PP MP PP SHT PK MP PK SHT FO% FOT GA TA
Austin CzarnikC/LW/RW000-1003114:490:0702:5300% 000
Ben MeyersC/LW000-1220112:220:4901:53067% 310
Brandon DuhaimeLW/RW0110073017:460:5401:4700% 101
Callahan BurkeC000-1001113:500:1601:40057% 702
Casey FitzgeraldD000-2002016:300:0003:2700% 000
Connor ZaryC/LW0000021017:272:0800:2500% 100
Jeremie PoirierD0110210119:282:3200:0200% 001
Juraj SlafkovskyLW/RW2020237118:532:0810:4600% 100
Olle LycksellRW1010011013:390:5400:0000% 000
Rasmus KupariC/RW0220016018:051:5800:50065% 2310
Samuel BolducD0000014024:371:2702:2800% 010
Sean DayD00001031417:280:0003:2700% 000
Shane BowersC/LW/RW000-100009:240:0000:0000% 011
Thomas BordeleauC/LW0110000214:121:0600:00050% 1211
Trevor CarrickD000-2020215:432:3100:0200% 000
Tyler PitlickC/RW000-1021014:390:5901:4000% 010
Tyler TullioRW000-1014010:010:3500:0000% 000
Victor SoderstromD0000001125:051:2602:2800% 003
Worcester Sharks
Player Name POS G A P +/- PIM HIT SHT SB MP PP MP PP SHT PK MP PK SHT FO% FOT GA TA
Andreas EnglundD01101701117:263:0800:0000% 002
Brendan GaunceC/LW0221025116:250:0001:50047% 1910
Carsen TwarynskiLW1011012011:423:1000:1300% 000
Carson MeyerRW0110055016:510:0001:210100% 111
Christian WolaninD0331002222:562:4901:3700% 000
Garrett PilonC1010503012:430:0000:00033% 900
Jasper WeatherbyC/LW0000012119:262:4101:5300% 100
Jean-Luc FoudyC0000013116:483:1010:07044% 931
Jeremy DaviesD0111020117:023:0800:4500% 000
Lauri PajuniemiRW2021004016:492:4700:0000% 111
Lukas CormierD000-1201123:082:4900:4900% 010
Matej BlumelLW/RW1010021117:352:4700:3100% 200
Noel HoefenmayerD0111011323:210:0002:1400% 000
Ridly GreigLW0000033117:363:0701:010100% 100
Taylor WardC/LW/RW000101206:500:0000:0000% 000
Viktor LodinC/LW000101006:500:0000:00067% 311
Ville PetmanC/LW0001022016:230:0901:00050% 210
Vincent SevignyD0112003016:080:0002:3100% 000

Calgary Hitman

5 vs 5 Forward
Line #Left WingCenterRight WingPHYDFOFWanted %Time %Time Play
1Connor ZaryRasmus KupariJuraj Slafkovsky0143733%16:34
2Brandon DuhaimeThomas BordeleauOlle Lycksell0233225%12:45
3Tyler PitlickCallahan BurkeAustin Czarnik0322123%11:22
4Shane BowersBen MeyersTyler Tullio0321019%9:24
5 vs 5 Defense
Line #DefenseDefensePHYDFOFWanted %Time %Time Play
1Victor SoderstromSamuel Bolduc0323633%16:40
2Sean DayJeremie Poirier0323235%17:39
3Casey FitzgeraldTrevor Carrick0412223%11:30
4Victor SoderstromSean Day032109%4:16
Power Play Forward
Line #Left WingCenterRight WingPHYDFOFWanted %Time %Time Play
1Connor ZaryRasmus KupariJuraj Slafkovsky0056068%2:43
2Brandon DuhaimeThomas BordeleauOlle Lycksell0054032%1:15
Power Play Defense
Line #DefenseDefensePHYDFOFWanted %Time %Time Play
1Trevor CarrickVictor Soderstrom0146063%2:31
2Samuel BolducJeremie Poirier0144037%1:27
Penalty Kill 4 Players Forward
Line #CenterWingPHYDFOFWanted %Time %Time Play
1Ben MeyersAustin Czarnik0416072%4:17
2Callahan BurkeTyler Pitlick0414028%1:40
Penalty Kill 4 Players Defense
Line #DefenseDefensePHYDFOFWanted %Time %Time Play
1Sean DayCasey Fitzgerald1406059%3:29
2Victor SoderstromSamuel Bolduc1404041%2:28
Penalty Kill 3 Players
Line #WingPHYDFOFWanted %Time %Time PlayDefenseDefensePHYDFOFWanted %Time %Time Play
1Ben Meyers050600%0:00 Sean DayCasey Fitzgerald050600%0:00
2Brandon Duhaime050400%0:00 Victor SoderstromSamuel Bolduc050400%0:00
4 vs 4 Forward
Line #CenterWingPHYDFOFWanted %Time %Time Play
1Rasmus KupariJuraj Slafkovsky023600%0:00
2Connor ZaryBrandon Duhaime023400%0:00
4 vs 4 Defense
Line #DefensePHYDFOFWanted %Time %Time Play
1Trevor CarrickVictor Soderstrom023600%0:00
2Jeremie PoirierSamuel Bolduc023400%0:00
Last Minutes Offensive
Left WingCenterRight WingDefenseDefense
Connor ZaryRasmus KupariJuraj SlafkovskyVictor SoderstromTrevor Carrick
Last Minutes Defensive
Left WingCenterRight WingDefenseDefense
Austin CzarnikCallahan BurkeBrandon DuhaimeVictor SoderstromCasey Fitzgerald
Time
Total ForwardTotal DefenseLast Minutes OffensiveLast Minutes Defensive
60:00 60:00 0:000:00
Extra Forwards
Normal PowerPlayPenalty Kill
Rasmus Kupari, Juraj Slafkovsky, Brandon DuhaimeTyler Pitlick, Ben MeyersBrandon Duhaime
Extra Defensemen
Normal PowerPlayPenalty Kill
Jeremie Poirier, Victor Soderstrom, Samuel BolducJeremie Poirier, Jeremie PoirierTrevor Carrick
Penalty Shots
Callahan Burke, Connor Zary, Thomas Bordeleau, Tyler Tullio, Trevor Carrick
Goalie
Dustin Tokarski, Oskari Salminen
Scratches
Drew Worrad (Healthy), Radim Simek (Right Leg Injury), Brandon Scanlin (Healthy), Cam Dineen (Healthy), Simon Ryfors (Healthy) Wyatt Newpower (Healthy), Colton Poolman (Healthy), Ivan Morozov (Healthy), Ilya Usov (Healthy), Sam Hentges (Healthy)

Worcester Sharks

5 vs 5 Forward
Line #Left WingCenterRight WingPHYDFOFWanted %Time %Time Play
1Matej BlumelJean-Luc FoudyRidly Greig0233228%13:47
2Ville PetmanBrendan GaunceLauri Pajuniemi0323230%15:11
3Jasper WeatherbyGarrett PilonCarson Meyer0143229%14:17
4Carsen TwarynskiViktor LodinTaylor Ward032414%6:50
5 vs 5 Defense
Line #DefenseDefensePHYDFOFWanted %Time %Time Play
1Andreas EnglundLukas Cormier0323741%20:44
2Christian WolaninNoel Hoefenmayer0323736%18:15
3Vincent SevignyJeremy Davies0142018%8:57
4Jeremy DaviesNoel Hoefenmayer00564%2:09
Power Play Forward
Line #Left WingCenterRight WingPHYDFOFWanted %Time %Time Play
1Ridly GreigJean-Luc FoudyCarsen Twarynski0145553%3:10
2Matej BlumelJasper WeatherbyLauri Pajuniemi0144547%2:47
Power Play Defense
Line #DefenseDefensePHYDFOFWanted %Time %Time Play
1Andreas EnglundJeremy Davies0235553%3:08
2Christian WolaninLukas Cormier0234547%2:49
Penalty Kill 4 Players Forward
Line #CenterWingPHYDFOFWanted %Time %Time Play
1Brendan GaunceRidly Greig0415566%2:37
2Jasper WeatherbyCarson Meyer0414534%1:21
Penalty Kill 4 Players Defense
Line #DefenseDefensePHYDFOFWanted %Time %Time Play
1Noel HoefenmayerAndreas Englund0415559%2:21
2Christian WolaninLukas Cormier0414541%1:37
Penalty Kill 3 Players
Line #WingPHYDFOFWanted %Time %Time PlayDefenseDefensePHYDFOFWanted %Time %Time Play
1Brendan Gaunce050550%0:00 Noel HoefenmayerAndreas Englund050550%0:00
2Ville Petman050450%0:00 Christian WolaninLukas Cormier050450%0:00
4 vs 4 Forward
Line #CenterWingPHYDFOFWanted %Time %Time Play
1Jean-Luc FoudyMatej Blumel032550%0:00
2Jasper WeatherbyJeremy Davies032450%0:00
4 vs 4 Defense
Line #DefensePHYDFOFWanted %Time %Time Play
1Noel HoefenmayerAndreas Englund032550%0:00
2Christian WolaninLukas Cormier032450%0:00
Last Minutes Offensive
Left WingCenterRight WingDefenseDefense
Ridly GreigJean-Luc FoudyLauri PajuniemiAndreas EnglundNoel Hoefenmayer
Last Minutes Defensive
Left WingCenterRight WingDefenseDefense
Ridly GreigJean-Luc FoudyLauri PajuniemiNoel HoefenmayerAndreas Englund
Time
Total ForwardTotal DefenseLast Minutes OffensiveLast Minutes Defensive
60:00 60:00 0:000:00
Extra Forwards
Normal PowerPlayPenalty Kill
Jasper Weatherby, Ville Petman, Carsen TwarynskiJasper Weatherby, Ville PetmanJasper Weatherby
Extra Defensemen
Normal PowerPlayPenalty Kill
Lukas Cormier, Noel Hoefenmayer, Jeremy DaviesLukas Cormier, Noel HoefenmayerVincent Sevigny
Penalty Shots
Matej Blumel, Jean-Luc Foudy, Lauri Pajuniemi, Carson Meyer, Jasper Weatherby
Goalie
Dylan Wells, Eric Comrie
Scratches
Mark Borowiecki (Healthy), Kale Howarth (Healthy), Kristians Rubins (Healthy), Cooper Zech (Healthy), Hudson Elynuik (Healthy) Riley Bezeau (Healthy), Corson Ceulemans (Healthy), Gage Alexander (Healthy)


Play-by-Play

1st period


0:01 of 1st period - Jean-Luc Foudy wins face-off versus Rasmus Kupari in neutral zone.
0:26 of 1st period - Samuel Bolduc is hit by Brendan Gaunce and loses puck.
0:54 of 1st period - Snap shot by Tyler Tullio.
0:54 of 1st period - Stopped by Dylan Wells without a rebound.
0:55 of 1st period - Callahan Burke wins face-off versus Garrett Pilon in Worcester Sharks zone.
0:58 of 1st period - Wrist shot by Tyler Pitlick.
0:58 of 1st period - Shot Misses the Net.
1:00 of 1st period - Slapshot by Casey Fitzgerald.
1:00 of 1st period - Shot Blocked by Noel Hoefenmayer.
1:02 of 1st period - Slapshot by Casey Fitzgerald.
1:02 of 1st period - Stopped by Dylan Wells without a rebound.
1:03 of 1st period - Callahan Burke wins face-off versus Garrett Pilon in Worcester Sharks zone.
1:04 of 1st period - Snap shot by Austin Czarnik.
1:04 of 1st period - Stopped by Dylan Wells with a rebound.
1:30 of 1st period - Snap shot by Brendan Gaunce.
1:30 of 1st period - Stopped by Dustin Tokarski with a rebound.
1:32 of 1st period - Snap shot by Brendan Gaunce.
1:32 of 1st period - Stopped by Dustin Tokarski without a rebound.
1:33 of 1st period - Rasmus Kupari wins face-off versus Ville Petman in Calgary Hitman zone.
1:40 of 1st period - Wrist shot by Rasmus Kupari.
1:40 of 1st period - Shot Misses the Net.
1:42 of 1st period - Snap shot by Rasmus Kupari.
1:42 of 1st period - Shot Misses the Net.
1:44 of 1st period - Slapshot by Casey Fitzgerald.
1:44 of 1st period - Shot Misses the Net.
2:40 of 1st period - Snap shot by Jean-Luc Foudy.
2:40 of 1st period - Shot Misses the Net.
2:42 of 1st period - Snap shot by Vincent Sevigny.
2:42 of 1st period - Stopped by Dustin Tokarski with a rebound.
2:44 of 1st period - Slapshot by Jeremy Davies.
2:44 of 1st period - Shot Misses the Net.
2:46 of 1st period - Snap shot by Matej Blumel.
2:46 of 1st period - Shot Misses the Net.
2:48 of 1st period - Snap shot by Matej Blumel.
2:48 of 1st period - Goal by Matej Blumel - Calgary Hitman : 0 - Worcester Sharks : 1.
2:49 of 1st period - Rasmus Kupari wins face-off versus Jasper Weatherby in neutral zone.
3:31 of 1st period - Snap shot by Carson Meyer.
3:31 of 1st period - Stopped by Dustin Tokarski with a rebound.
3:33 of 1st period - Minor Penalty to Ben Meyers for Hooking.
3:34 of 1st period - Jean-Luc Foudy wins face-off versus Brandon Duhaime in Calgary Hitman zone.
5:33 of 1st period - Penalty to Ben Meyers is over, Ben Meyers is back on ice.
5:34 of 1st period - Ridly Greig is hit by Ben Meyers and loses puck.
5:47 of 1st period - Brendan Gaunce is hit by Sean Day and loses puck.
6:48 of 1st period - Slapshot by Juraj Slafkovsky.
6:48 of 1st period - Stopped by Dylan Wells with a rebound.
7:39 of 1st period - Slapshot by Victor Soderstrom.
7:39 of 1st period - Shot Blocked by Ridly Greig.
7:41 of 1st period - Slapshot by Shane Bowers.
7:41 of 1st period - Shot Misses the Net.
7:43 of 1st period - Slapshot by Samuel Bolduc.
7:43 of 1st period - Stopped by Dylan Wells with a rebound.
9:04 of 1st period - Snap shot by Thomas Bordeleau.
9:04 of 1st period - Deflect By Brandon Duhaime.
9:04 of 1st period - Shot Blocked by Brendan Gaunce.
9:04 of 1st period - Puck is out of play.
9:05 of 1st period - Rasmus Kupari wins face-off versus Brendan Gaunce in Worcester Sharks zone.
9:39 of 1st period - Snap shot by Jasper Weatherby.
9:39 of 1st period - Shot Misses the Net.
9:41 of 1st period - Wrist shot by Carson Meyer.
9:41 of 1st period - Stopped by Dustin Tokarski with a rebound.
9:53 of 1st period - Wrist shot by Tyler Tullio.
9:53 of 1st period - Stopped by Dylan Wells with a rebound.
9:55 of 1st period - Slapshot by Shane Bowers.
9:55 of 1st period - Shot Misses the Net.
9:57 of 1st period - Wrist shot by Shane Bowers.
9:57 of 1st period - Shot Misses the Net.
9:59 of 1st period - Snap shot by Victor Soderstrom.
9:59 of 1st period - Deflect By Tyler Tullio.
9:59 of 1st period - Stopped by Dylan Wells with a rebound.
10:15 of 1st period - Wrist shot by Ridly Greig.
10:15 of 1st period - Deflect By Jean-Luc Foudy.
10:15 of 1st period - Stopped by Dustin Tokarski without a rebound.
10:16 of 1st period - Rasmus Kupari wins face-off versus Matej Blumel in Calgary Hitman zone.
10:37 of 1st period - Jean-Luc Foudy is hit by Juraj Slafkovsky and loses puck.
11:33 of 1st period - Snap shot by Juraj Slafkovsky.
11:33 of 1st period - Goal by Juraj Slafkovsky - Calgary Hitman : 1 - Worcester Sharks : 1.
11:34 of 1st period - Thomas Bordeleau wins face-off versus Brendan Gaunce in neutral zone.
12:07 of 1st period - Off-side.
12:08 of 1st period - Garrett Pilon wins face-off versus Callahan Burke in neutral zone.
12:32 of 1st period - Snap shot by Garrett Pilon.
12:32 of 1st period - Shot Blocked by Austin Czarnik.
12:34 of 1st period - Slapshot by Jasper Weatherby.
12:34 of 1st period - Stopped by Dustin Tokarski without a rebound.
12:35 of 1st period - Brendan Gaunce wins face-off versus Thomas Bordeleau in Calgary Hitman zone.
12:36 of 1st period - Snap shot by Lauri Pajuniemi.
12:36 of 1st period - Stopped by Dustin Tokarski without a rebound.
12:37 of 1st period - Thomas Bordeleau wins face-off versus Lauri Pajuniemi in Calgary Hitman zone.
12:51 of 1st period - Icing by Sean Day.
12:52 of 1st period - Garrett Pilon wins face-off versus Thomas Bordeleau in Calgary Hitman zone.
12:59 of 1st period - Garrett Pilon beats up Sean Day.
12:59 of 1st period - Penalty to Garrett Pilon for Fighting.
12:59 of 1st period - Penalty to Sean Day for Fighting.
13:00 of 1st period - Brendan Gaunce wins face-off versus Thomas Bordeleau in Calgary Hitman zone.
13:09 of 1st period - Snap shot by Brendan Gaunce.
13:09 of 1st period - Stopped by Dustin Tokarski with a rebound.
13:25 of 1st period - Juraj Slafkovsky is hit by Carson Meyer and loses puck.
14:38 of 1st period - Jasper Weatherby is hit by Brandon Duhaime and loses puck.
15:20 of 1st period - Matej Blumel is hit by Connor Zary.
16:03 of 1st period - Jean-Luc Foudy is hit by Brandon Duhaime and loses puck.
16:10 of 1st period - Wrist shot by Austin Czarnik.
16:10 of 1st period - Deflect By Callahan Burke.
16:10 of 1st period - Stopped by Dylan Wells with a rebound.
16:54 of 1st period - Shane Bowers is hit by Carson Meyer and loses puck.
17:42 of 1st period - Matej Blumel is hit by Brandon Duhaime and loses puck.
18:20 of 1st period - Samuel Bolduc is hit by Brendan Gaunce and loses puck.
18:45 of 1st period - Snap shot by Connor Zary.
18:45 of 1st period - Stopped by Dylan Wells with a rebound.
18:47 of 1st period - Slapshot by Samuel Bolduc.
18:47 of 1st period - Deflect By Jean-Luc Foudy.
18:47 of 1st period - Stopped by Dylan Wells with a rebound.
18:49 of 1st period - Slapshot by Samuel Bolduc.
18:49 of 1st period - Stopped by Dylan Wells without a rebound.
18:50 of 1st period - Rasmus Kupari wins face-off versus Brendan Gaunce in Worcester Sharks zone.
18:57 of 1st period - Slapshot by Rasmus Kupari.
18:57 of 1st period - Stopped by Dylan Wells without a rebound.
18:58 of 1st period - Rasmus Kupari wins face-off versus Brendan Gaunce in Worcester Sharks zone.
19:13 of 1st period - Wrist shot by Rasmus Kupari.
19:13 of 1st period - Stopped by Dylan Wells with a rebound.
19:27 of 1st period - Brandon Duhaime is hit by Jasper Weatherby and loses puck.
19:50 of 1st period - Snap shot by Austin Czarnik.
19:50 of 1st period - Stopped by Dylan Wells with a rebound.
19:52 of 1st period - Snap shot by Casey Fitzgerald.
19:52 of 1st period - Stopped by Dylan Wells with a rebound.
19:54 of 1st period - Slapshot by Casey Fitzgerald.
19:54 of 1st period - Shot Blocked by Matej Blumel.
19:56 of 1st period - Wrist shot by Callahan Burke.
19:56 of 1st period - Shot Misses the Net.
Goals for this period are 1 for Calgary Hitman vs 1 for Worcester Sharks.
Shots for this period are 16 for Calgary Hitman vs 10 for Worcester Sharks.

2nd period


0:01 of 2nd period - Brendan Gaunce wins face-off versus Rasmus Kupari in neutral zone.
0:04 of 2nd period - Wrist shot by Brendan Gaunce.
0:04 of 2nd period - Stopped by Dustin Tokarski with a rebound.
0:38 of 2nd period - Wrist shot by Tyler Pitlick.
0:38 of 2nd period - Stopped by Dylan Wells with a rebound.
1:17 of 2nd period - Snap shot by Matej Blumel.
1:17 of 2nd period - Deflect By Ridly Greig.
1:17 of 2nd period - Stopped by Dustin Tokarski without a rebound.
1:18 of 2nd period - Rasmus Kupari wins face-off versus Garrett Pilon in Calgary Hitman zone.
1:23 of 2nd period - Wrist shot by Rasmus Kupari.
1:23 of 2nd period - Stopped by Dylan Wells with a rebound.
1:25 of 2nd period - Snap shot by Juraj Slafkovsky.
1:25 of 2nd period - Shot Blocked by Jasper Weatherby.
1:27 of 2nd period - Snap shot by Samuel Bolduc.
1:27 of 2nd period - Deflect By Juraj Slafkovsky.
1:27 of 2nd period - Shot Misses the Net.
1:27 of 2nd period - Puck is out of play.
1:28 of 2nd period - Rasmus Kupari wins face-off versus Garrett Pilon in Worcester Sharks zone.
1:31 of 2nd period - Snap shot by Juraj Slafkovsky.
1:31 of 2nd period - Shot Misses the Net.
1:33 of 2nd period - Slapshot by Victor Soderstrom.
1:33 of 2nd period - Stopped by Dylan Wells with a rebound.
1:35 of 2nd period - Snap shot by Connor Zary.
1:35 of 2nd period - Shot Blocked by Christian Wolanin.
1:37 of 2nd period - Slapshot by Victor Soderstrom.
1:37 of 2nd period - Shot Blocked by Noel Hoefenmayer.
1:39 of 2nd period - Slapshot by Rasmus Kupari.
1:39 of 2nd period - Stopped by Dylan Wells with a rebound.
1:41 of 2nd period - Snap shot by Connor Zary.
1:41 of 2nd period - Shot Misses the Net.
1:51 of 2nd period - Juraj Slafkovsky is hit by Carson Meyer and loses puck.
2:19 of 2nd period - Wrist shot by Carson Meyer.
2:19 of 2nd period - Shot Misses the Net.
2:25 of 2nd period - Slapshot by Carson Meyer.
2:25 of 2nd period - Shot Misses the Net.
2:46 of 2nd period - Backhand shot by Rasmus Kupari.
2:46 of 2nd period - Shot Misses the Net.
2:48 of 2nd period - Backhand shot by Rasmus Kupari.
2:48 of 2nd period - Stopped by Dylan Wells with a rebound.
2:50 of 2nd period - Snap shot by Juraj Slafkovsky.
2:50 of 2nd period - Shot Blocked by Christian Wolanin.
2:52 of 2nd period - Wrist shot by Juraj Slafkovsky.
2:52 of 2nd period - Stopped by Dylan Wells with a rebound.
2:54 of 2nd period - Slapshot by Jeremie Poirier.
2:54 of 2nd period - Deflect By Juraj Slafkovsky.
2:54 of 2nd period - Stopped by Dylan Wells without a rebound.
2:55 of 2nd period - Thomas Bordeleau wins face-off versus Matej Blumel in Worcester Sharks zone.
2:58 of 2nd period - Snap shot by Olle Lycksell.
2:58 of 2nd period - Deflect By Brandon Duhaime.
2:58 of 2nd period - Shot Misses the Net.
2:58 of 2nd period - Puck is out of play.
2:59 of 2nd period - Jean-Luc Foudy wins face-off versus Thomas Bordeleau in Worcester Sharks zone.
2:59 of 2nd period - Jean-Luc Foudy is hit by Olle Lycksell.
3:05 of 2nd period - Slapshot by Matej Blumel.
3:05 of 2nd period - Deflect By Ridly Greig.
3:05 of 2nd period - Shot Blocked by Victor Soderstrom.
3:05 of 2nd period - Puck is out of play.
3:06 of 2nd period - Brendan Gaunce wins face-off versus Thomas Bordeleau in Calgary Hitman zone.
3:07 of 2nd period - Snap shot by Lauri Pajuniemi.
3:07 of 2nd period - Shot Misses the Net.
3:09 of 2nd period - Wrist shot by Lauri Pajuniemi.
3:09 of 2nd period - Shot Misses the Net.
3:11 of 2nd period - Slapshot by Andreas Englund.
3:11 of 2nd period - Stopped by Dustin Tokarski with a rebound.
3:13 of 2nd period - Slapshot by Andreas Englund.
3:13 of 2nd period - Shot Misses the Net.
3:15 of 2nd period - Slapshot by Lauri Pajuniemi.
3:15 of 2nd period - Goal by Lauri Pajuniemi - Calgary Hitman : 1 - Worcester Sharks : 2.
3:16 of 2nd period - Thomas Bordeleau wins face-off versus Jean-Luc Foudy in neutral zone.
3:21 of 2nd period - Brandon Duhaime is hit by Jean-Luc Foudy and loses puck.
4:12 of 2nd period - Andreas Englund is hit by Brandon Duhaime and loses puck.
4:54 of 2nd period - Minor Penalty to Lukas Cormier for Tripping.
4:55 of 2nd period - Carson Meyer wins face-off versus Connor Zary in Worcester Sharks zone.
5:20 of 2nd period - Jeremie Poirier is hit by Noel Hoefenmayer.
5:40 of 2nd period - Tyler Pitlick is hit by Ville Petman and loses puck.
5:54 of 2nd period - Ben Meyers is hit by Jeremy Davies and loses puck.
6:11 of 2nd period - Connor Zary is hit by Carson Meyer and loses puck.
6:54 of 2nd period - Penalty to Lukas Cormier is over, Lukas Cormier is back on ice.
7:03 of 2nd period - Off-side.
7:04 of 2nd period - Callahan Burke wins face-off versus Viktor Lodin in neutral zone.
7:15 of 2nd period - Wrist shot by Shane Bowers.
7:15 of 2nd period - Shot Misses the Net.
7:17 of 2nd period - Slapshot by Sean Day.
7:17 of 2nd period - Stopped by Dylan Wells with a rebound.
7:49 of 2nd period - Noel Hoefenmayer is hit by Sean Day and loses puck.
8:02 of 2nd period - Rasmus Kupari is hit by Ridly Greig and loses puck.
8:26 of 2nd period - Connor Zary is hit by Viktor Lodin and loses puck.
8:53 of 2nd period - Wrist shot by Austin Czarnik.
8:53 of 2nd period - Stopped by Dylan Wells with a rebound.
9:38 of 2nd period - Noel Hoefenmayer is hit by Ben Meyers.
10:28 of 2nd period - Carson Meyer is hit by Brandon Duhaime and loses puck.
10:37 of 2nd period - Connor Zary is hit by Carson Meyer and loses puck.
11:38 of 2nd period - Snap shot by Taylor Ward.
11:38 of 2nd period - Stopped by Dustin Tokarski with a rebound.
11:40 of 2nd period - Slapshot by Taylor Ward.
11:40 of 2nd period - Stopped by Dustin Tokarski with a rebound.
11:42 of 2nd period - Slapshot by Vincent Sevigny.
11:42 of 2nd period - Deflect By Olle Lycksell.
11:42 of 2nd period - Stopped by Dustin Tokarski with a rebound.
11:44 of 2nd period - Snap shot by Taylor Ward.
11:44 of 2nd period - Shot Misses the Net.
11:46 of 2nd period - Wrist shot by Viktor Lodin.
11:46 of 2nd period - Shot Blocked by Thomas Bordeleau.
12:31 of 2nd period - Icing by Jeremie Poirier.
12:32 of 2nd period - Viktor Lodin wins face-off versus Rasmus Kupari in Calgary Hitman zone.
12:37 of 2nd period - Wrist shot by Viktor Lodin.
12:37 of 2nd period - Shot Misses the Net.
12:39 of 2nd period - Snap shot by Carsen Twarynski.
12:39 of 2nd period - Stopped by Dustin Tokarski with a rebound.
12:41 of 2nd period - Snap shot by Christian Wolanin.
12:41 of 2nd period - Stopped by Dustin Tokarski with a rebound.
12:43 of 2nd period - Slapshot by Noel Hoefenmayer.
12:43 of 2nd period - Deflect By Carsen Twarynski.
12:43 of 2nd period - Goal by Carsen Twarynski - Calgary Hitman : 1 - Worcester Sharks : 3.
12:44 of 2nd period - Ville Petman wins face-off versus Rasmus Kupari in neutral zone.
13:05 of 2nd period - Minor Penalty to Juraj Slafkovsky for Roughing.
13:06 of 2nd period - Ridly Greig wins face-off versus Ben Meyers in Calgary Hitman zone.
13:21 of 2nd period - Snap shot by Jean-Luc Foudy.
13:21 of 2nd period - Stopped by Dustin Tokarski with a rebound.
13:31 of 2nd period - Snap shot by Matej Blumel.
13:31 of 2nd period - Shot Blocked by Sean Day.
14:34 of 2nd period - Samuel Bolduc is hit by Matej Blumel and loses puck.
14:49 of 2nd period - Ridly Greig is hit by Tyler Pitlick and loses puck.
15:05 of 2nd period - Penalty to Juraj Slafkovsky is over, Juraj Slafkovsky is back on ice.
15:15 of 2nd period - Wrist shot by Juraj Slafkovsky.
15:15 of 2nd period - Shot Blocked by Andreas Englund.
15:25 of 2nd period - Snap shot by Brendan Gaunce.
15:25 of 2nd period - Shot Misses the Net.
15:39 of 2nd period - Snap shot by Brandon Duhaime.
15:39 of 2nd period - Stopped by Dylan Wells without a rebound.
15:40 of 2nd period - Garrett Pilon wins face-off versus Thomas Bordeleau in Worcester Sharks zone.
16:19 of 2nd period - Snap shot by Brandon Duhaime.
16:19 of 2nd period - Stopped by Dylan Wells with a rebound.
16:21 of 2nd period - Wrist shot by Olle Lycksell.
16:21 of 2nd period - Goal by Olle Lycksell - Calgary Hitman : 2 - Worcester Sharks : 3.
16:22 of 2nd period - Brendan Gaunce wins face-off versus Rasmus Kupari in neutral zone.
16:31 of 2nd period - Wrist shot by Lauri Pajuniemi.
16:31 of 2nd period - Stopped by Dustin Tokarski with a rebound.
16:47 of 2nd period - Tyler Pitlick is hit by Matej Blumel and loses puck.
16:54 of 2nd period - Snap shot by Ridly Greig.
16:54 of 2nd period - Stopped by Dustin Tokarski with a rebound.
16:56 of 2nd period - Slapshot by Jeremy Davies.
16:56 of 2nd period - Shot Blocked by Sean Day.
17:11 of 2nd period - Minor Penalty to Jeremie Poirier for Tripping.
17:12 of 2nd period - Ben Meyers wins face-off versus Jean-Luc Foudy in Calgary Hitman zone.
17:12 of 2nd period - Ben Meyers is hit by Carsen Twarynski.
17:23 of 2nd period - Casey Fitzgerald is hit by Ridly Greig and loses puck.
18:24 of 2nd period - Ridly Greig is hit by Brandon Duhaime.
18:39 of 2nd period - Lauri Pajuniemi is hit by Sean Day and loses puck.
19:08 of 2nd period - Matej Blumel is hit by Juraj Slafkovsky and loses puck.
19:11 of 2nd period - Penalty to Jeremie Poirier is over, Jeremie Poirier is back on ice.
Goals for this period are 1 for Calgary Hitman vs 2 for Worcester Sharks.
Shots for this period are 12 for Calgary Hitman vs 13 for Worcester Sharks.

3rd period


0:01 of 3rd period - Brendan Gaunce wins face-off versus Rasmus Kupari in neutral zone.
0:31 of 3rd period - Snap shot by Garrett Pilon.
0:31 of 3rd period - Shot Blocked by Sean Day.
0:37 of 3rd period - Slapshot by Christian Wolanin.
0:37 of 3rd period - Shot Blocked by Juraj Slafkovsky.
0:39 of 3rd period - Slapshot by Christian Wolanin.
0:39 of 3rd period - Deflect By Garrett Pilon.
0:39 of 3rd period - Goal by Garrett Pilon - Calgary Hitman : 2 - Worcester Sharks : 4.
0:40 of 3rd period - Thomas Bordeleau wins face-off versus Brendan Gaunce in neutral zone.
0:55 of 3rd period - Slapshot by Lauri Pajuniemi.
0:55 of 3rd period - Shot Blocked by Thomas Bordeleau.
1:07 of 3rd period - Matej Blumel is hit by Connor Zary and loses puck.
1:25 of 3rd period - Off-side.
1:26 of 3rd period - Callahan Burke wins face-off versus Garrett Pilon in neutral zone.
1:40 of 3rd period - Wrist shot by Carson Meyer.
1:40 of 3rd period - Stopped by Dustin Tokarski without a rebound.
1:41 of 3rd period - Rasmus Kupari wins face-off versus Brendan Gaunce in Calgary Hitman zone.
1:50 of 3rd period - Slapshot by Christian Wolanin.
1:50 of 3rd period - Shot Misses the Net.
2:49 of 3rd period - Snap shot by Garrett Pilon.
2:49 of 3rd period - Stopped by Dustin Tokarski with a rebound.
3:03 of 3rd period - Snap shot by Carson Meyer.
3:03 of 3rd period - Stopped by Dustin Tokarski with a rebound.
3:11 of 3rd period - Slapshot by Garrett Pilon.
3:11 of 3rd period - Stopped by Dustin Tokarski with a rebound.
3:13 of 3rd period - Slapshot by Lukas Cormier.
3:13 of 3rd period - Deflect By Ben Meyers.
3:13 of 3rd period - Stopped by Dustin Tokarski without a rebound.
3:14 of 3rd period - Rasmus Kupari wins face-off versus Brendan Gaunce in Calgary Hitman zone.
3:23 of 3rd period - Slapshot by Brendan Gaunce.
3:23 of 3rd period - Stopped by Dustin Tokarski with a rebound.
3:25 of 3rd period - Slapshot by Christian Wolanin.
3:25 of 3rd period - Stopped by Dustin Tokarski with a rebound.
3:27 of 3rd period - Snap shot by Ville Petman.
3:27 of 3rd period - Stopped by Dustin Tokarski without a rebound.
3:28 of 3rd period - Thomas Bordeleau wins face-off versus Jean-Luc Foudy in Calgary Hitman zone.
3:28 of 3rd period - Thomas Bordeleau is hit by Ridly Greig.
3:36 of 3rd period - Slapshot by Brandon Duhaime.
3:36 of 3rd period - Shot Blocked by Jean-Luc Foudy.
5:08 of 3rd period - Jean-Luc Foudy is hit by Samuel Bolduc and loses puck.
5:13 of 3rd period - Slapshot by Brandon Duhaime.
5:13 of 3rd period - Stopped by Dylan Wells with a rebound.
5:15 of 3rd period - Slapshot by Samuel Bolduc.
5:15 of 3rd period - Deflect By Olle Lycksell.
5:15 of 3rd period - Shot Blocked by Lukas Cormier.
5:15 of 3rd period - Puck is out of play.
5:16 of 3rd period - Brendan Gaunce wins face-off versus Juraj Slafkovsky in Worcester Sharks zone.
5:21 of 3rd period - Sean Day beats up Andreas Englund.
5:21 of 3rd period - Penalty to Andreas Englund for Fighting.
5:21 of 3rd period - Penalty to Sean Day for Fighting.
5:21 of 3rd period - Penalty to Andreas Englund for instigated a fight.
5:21 of 3rd period - Penalty to Andreas Englund for instigated a fight.
5:22 of 3rd period - Brendan Gaunce wins face-off versus Rasmus Kupari in Calgary Hitman zone.
5:23 of 3rd period - Snap shot by Ridly Greig.
5:23 of 3rd period - Shot Blocked by Trevor Carrick.
5:33 of 3rd period - Ridly Greig is hit by Trevor Carrick and loses puck.
5:38 of 3rd period - Snap shot by Juraj Slafkovsky.
5:38 of 3rd period - Stopped by Dylan Wells with a rebound.
7:21 of 3rd period - Penalty to Andreas Englund is over, Lauri Pajuniemi is send on ice.
7:44 of 3rd period - Viktor Lodin is hit by Jeremie Poirier and loses puck.
8:49 of 3rd period - Casey Fitzgerald is hit by Taylor Ward and loses puck.
9:11 of 3rd period - Lauri Pajuniemi is hit by Trevor Carrick.
9:49 of 3rd period - Wrist shot by Garrett Pilon.
9:49 of 3rd period - Deflect By Carson Meyer.
9:49 of 3rd period - Stopped by Dustin Tokarski with a rebound.
9:58 of 3rd period - Icing by Casey Fitzgerald.
9:59 of 3rd period - Viktor Lodin wins face-off versus Callahan Burke in Calgary Hitman zone.
10:25 of 3rd period - Lauri Pajuniemi is hit by Juraj Slafkovsky and loses puck.
10:49 of 3rd period - Snap shot by Jean-Luc Foudy.
10:49 of 3rd period - Shot Blocked by Sean Day.
11:13 of 3rd period - Icing by Vincent Sevigny.
11:14 of 3rd period - Rasmus Kupari wins face-off versus Brendan Gaunce in Worcester Sharks zone.
11:50 of 3rd period - Wrist shot by Lauri Pajuniemi.
11:50 of 3rd period - Shot Blocked by Jeremie Poirier.
11:52 of 3rd period - Wrist shot by Vincent Sevigny.
11:52 of 3rd period - Shot Misses the Net.
11:54 of 3rd period - Backhand shot by Vincent Sevigny.
11:54 of 3rd period - Stopped by Dustin Tokarski with a rebound.
12:02 of 3rd period - Slapshot by Lauri Pajuniemi.
12:02 of 3rd period - Shot Misses the Net.
12:04 of 3rd period - Wrist shot by Ville Petman.
12:04 of 3rd period - Stopped by Dustin Tokarski with a rebound.
12:06 of 3rd period - Snap shot by Ville Petman.
12:06 of 3rd period - Deflect By Brendan Gaunce.
12:06 of 3rd period - Shot Blocked by Ben Meyers.
12:06 of 3rd period - Puck is out of play.
12:07 of 3rd period - Rasmus Kupari wins face-off versus Jean-Luc Foudy in Calgary Hitman zone.
12:57 of 3rd period - Christian Wolanin is hit by Tyler Pitlick and loses puck.
13:14 of 3rd period - Snap shot by Rasmus Kupari.
13:14 of 3rd period - Stopped by Dylan Wells with a rebound.
13:20 of 3rd period - Jean-Luc Foudy is hit by Rasmus Kupari.
13:33 of 3rd period - Off-side.
13:34 of 3rd period - Ben Meyers wins face-off versus Garrett Pilon in neutral zone.
13:37 of 3rd period - Snap shot by Ben Meyers.
13:37 of 3rd period - Deflect By Tyler Tullio.
13:37 of 3rd period - Stopped by Dylan Wells with a rebound.
13:39 of 3rd period - Wrist shot by Samuel Bolduc.
13:39 of 3rd period - Stopped by Dylan Wells without a rebound.
13:40 of 3rd period - Rasmus Kupari wins face-off versus Brendan Gaunce in Worcester Sharks zone.
13:41 of 3rd period - Snap shot by Juraj Slafkovsky.
13:41 of 3rd period - Shot Misses the Net.
13:43 of 3rd period - Snap shot by Juraj Slafkovsky.
13:43 of 3rd period - Goal by Juraj Slafkovsky - Calgary Hitman : 3 - Worcester Sharks : 4.
13:44 of 3rd period - Brendan Gaunce wins face-off versus Rasmus Kupari in neutral zone.
14:33 of 3rd period - Snap shot by Lauri Pajuniemi.
14:33 of 3rd period - Shot Blocked by Callahan Burke.
14:35 of 3rd period - Snap shot by Noel Hoefenmayer.
14:35 of 3rd period - Shot Blocked by Trevor Carrick.
14:51 of 3rd period - Snap shot by Lauri Pajuniemi.
14:51 of 3rd period - Shot Misses the Net.
14:53 of 3rd period - Slapshot by Lauri Pajuniemi.
14:53 of 3rd period - Goal by Lauri Pajuniemi - Calgary Hitman : 3 - Worcester Sharks : 5.
14:54 of 3rd period - Rasmus Kupari wins face-off versus Jean-Luc Foudy in neutral zone.
14:57 of 3rd period - Slapshot by Victor Soderstrom.
14:57 of 3rd period - Shot Blocked by Jeremy Davies.
15:21 of 3rd period - Garrett Pilon is hit by Brandon Duhaime and loses puck.
15:28 of 3rd period - Wrist shot by Jasper Weatherby.
15:28 of 3rd period - Stopped by Dustin Tokarski with a rebound.
15:30 of 3rd period - Slapshot by Garrett Pilon.
15:30 of 3rd period - Shot Misses the Net.
17:15 of 3rd period - Vincent Sevigny is hit by Tyler Tullio and loses puck.
17:23 of 3rd period - Off-side.
17:24 of 3rd period - Jean-Luc Foudy wins face-off versus Callahan Burke in neutral zone.
17:35 of 3rd period - Snap shot by Ridly Greig.
17:35 of 3rd period - Stopped by Dustin Tokarski with a rebound.
17:37 of 3rd period - Snap shot by Jean-Luc Foudy.
17:37 of 3rd period - Stopped by Dustin Tokarski with a rebound.
17:39 of 3rd period - Slapshot by Noel Hoefenmayer.
17:39 of 3rd period - Deflect By Austin Czarnik.
17:39 of 3rd period - Stopped by Dustin Tokarski without a rebound.
17:40 of 3rd period - Rasmus Kupari wins face-off versus Brendan Gaunce in Calgary Hitman zone.
17:55 of 3rd period - Slapshot by Juraj Slafkovsky.
17:55 of 3rd period - Stopped by Dylan Wells with a rebound.
18:11 of 3rd period - Wrist shot by Austin Czarnik.
18:11 of 3rd period - Shot Blocked by Noel Hoefenmayer.
18:41 of 3rd period - Olle Lycksell is hit by Ville Petman and loses puck.
18:52 of 3rd period - Trevor Carrick is hit by Jeremy Davies and loses puck.
Goals for this period are 1 for Calgary Hitman vs 2 for Worcester Sharks.
Shots for this period are 7 for Calgary Hitman vs 17 for Worcester Sharks.




Output by the SimonT Hockey Simulator (STHS) for Eric Tremblay - Original Page W3C HTML5 Valid
Hockey Simulator - Hockey Simulation - Hockey Manager